 Dungeon Crawl Stone Soup version 0.25-a0-356-g7c9d860b3b (webtiles) character file.

Game seed: 3602964653280078508, levelgen mode: deterministic

2532 Error4North the Cleaver (level 9, -1/74 HPs)
             Began as a Hill Orc Fighter on Jan 3, 2020.
             Was an Initiate of Okawaru.
             Slain by a slave (3 damage)
             ... led by Pikel
             ... on level 8 of the Dungeon on Jan 4, 2020.
             The game lasted 00:24:47 (7397 turns).

Error4North the Cleaver (Hill Orc Fighter)          Turns: 7397, Time: 00:24:47

Health: -1/74      AC: 15    Str: 20    XL:     9   Next: 55%
Magic:  13/13      EV:  5    Int: 10    God:    Okawaru [......]
Gold:   304        SH: 10    Dex: 10    Spells: 14/14 levels left

rFire    . . .     SeeInvis .   a - +0 war axe
rCold    . . .     Gourm    .   c - +0 shield
rNeg     . . .     Faith    .   m - +0 plate armour
rPois    .         Spirit   .   (no helmet)
rElec    .         Reflect  .   n - +0 cloak
rCorr    .         Harm     .   q - +2 pair of gloves
MR       .....                  e - +0 pair of boots
Stlth    ..........             (no amulet)
HPRegen  0.22/turn              (no ring)
MPRegen  0.13/turn              (no ring)

@: corroded
A: no striking features
a: Renounce Religion


You were on level 8 of the Dungeon.
You worshipped Okawaru.
Okawaru was noncommittal.
You were not hungry.

You visited 2 branches of the dungeon, and saw 9 of its levels.

You collected 304 gold pieces.

Inventory:

Hand Weapons
 a - a +0 war axe (weapon)
Missiles
 x - 6 boomerangs (quivered)
Armour
 c - a +0 shield (worn)
 e - a +0 pair of boots (worn)
 m - a +0 plate armour (worn)
 n - a +0 cloak (worn)
 q - a +2 pair of gloves (worn)
Wands
 s - a wand of flame (7)
 t - a wand of random effects (16)
 B - a wand of digging (3)
Scrolls
 b - a scroll of enchant weapon {unknown}
 i - a scroll of remove curse
 j - a scroll of immolation {unknown}
 k - 2 scrolls of noise
 l - 10 scrolls of identify
 o - 2 scrolls of magic mapping
 r - 2 scrolls of blinking {unknown}
 w - 2 scrolls of teleportation {unknown}
 y - a scroll of torment {unknown}
Potions
 d - a potion of cancellation {unknown}
 g - a potion of curing
 h - 2 potions of agility {unknown}
 p - 2 potions of flight {unknown}
 u - 2 potions of resistance {unknown}
 v - a potion of might
 z - 3 potions of magic {unknown}
 A - 3 potions of heal wounds {unknown}
 D - a potion of lignification {unknown}
Comestibles
 f - 8 rations


   Skills:
 + Level 5.4 Fighting
 + Level 8.5 Axes
 * Level 7.8 Armour
 + Level 0.5 Dodging
 + Level 0.1 Stealth
 * Level 7.1 Shields
 * Level 3.3 Spellcasting
 * Level 3.0 Evocations


You had 14 spell levels left.
You didn't know any spells.
Your spell library contained the following spells:

 Spells                   Type           Power        Failure   Level  Hunger
 Confusing Touch          Hex            #.....       100%        1    #......
 Confuse                  Hex            #.......     100%        3    ###....
 Gell's Gravitas          Tloc           #.........   100%        3    ###....
 Petrify                  Tmut/Erth      #.......     100%        4    #####..
 Metabolic Englaciation   Hex/Ice        #.........   100%        5    ######.
 Yara's Violent Unravell  Hex/Tmut       #.........   100%        5    ######.


Dungeon Overview and Level Annotations

Branches:
Dungeon (8/15)             Temple (1/1) D:7
   Lair: D:8-11

Altars:
Ashenzari
Cheibriados
Dithmenos
Elyvilon
Fedhas
Gozag
Hepliaklqana
Kikubaaqudgha
Makhleb
Nemelex Xobeh
Okawaru
Qazlal
Ru
Sif Muna
Trog
Uskayaw
Vehumet
Wu Jian
Xom
Yredelemnul
Zin
The Shining One

Shops:
D:4 %

Annotations:
D:8 Pikel


Message History

You block the bullfrog's attack. You block the slave's attack.
The slave hits you but does no damage. The slave completely misses you.
Pikel says, "Slavery isn't that bad."
Pikel hits you but does no damage.
The water moccasin bites you but does no damage.
As you read the scroll labeled KAUTZO WUEGIAPH, it crumbles to dust.
You feel aware of your surroundings.
It was a scroll of magic mapping.
The bullfrog hits you but does no damage.
You block the slave's attack. The slave hits you but does no damage.
You block the bullfrog's attack. The slave hits you.
* * * LOW HITPOINT WARNING * * *
The water moccasin bites you.
* * * LOW HITPOINT WARNING * * *
Pikel hits you but does no damage.
As you read the scroll labeled SOTSIA RETAISK, it crumbles to dust.
You feel blessed for a moment.
It was a scroll of remove curse.
The bullfrog barely misses you. The slave hits you.
* * * LOW HITPOINT WARNING * * *
The slave hits you but does no damage. The slave hits you.
You die...

####'#######......#
..................#
..................#
..................#
..)...............#
(.................######***
############?...........,,*
# #....pp....%.,,* #
#...S@K......,,* #
*********##..Fpp......,,* #
*,,,,,,......S........,,* #
*,,,,,,...............,,*
*,,,,,................,,*
*,,,,,................,,*
*,,,,,<...............,,*
*,,,,,,...............,,*
*,,,,,,,,,,,,************


You could see Pikel, a water moccasin, 4 slaves, a bullfrog and an adder.

Vanquished Creatures
  6 yaks
  2 sky beasts
  A phantom (D:4)
  3 ogres
  A centaur (D:8)
  Blork the orc (D:6)
  A bullfrog (D:4)
  A howler monkey (D:4)
  A bullfrog zombie (D:6)
  A crimson imp (D:7)
  2 centaur skeletons
  7 orc wizards
  2 orc priests
  2 iguanas
  Natasha (thrice) (D:4)
  4 worker ants
  9 adders
  3 shadow imps
  3 oozes
  An adder zombie (D:7)
  8 worms
  5 dart slugs
  5 leopard geckos
  24 orcs
  A ball python (D:1)
  4 giant cockroaches
  9 goblins
  12 hobgoblins
  8 jackals
  A quokka (D:5)
  A ball python skeleton (D:4)
  8 bats
  3 frilled lizards
  6 kobolds
  A leopard gecko skeleton (D:6)
  A leopard gecko zombie (D:5)
  A quokka skeleton (D:4)
  9 rats
161 creatures vanquished.

Notes
Turn   | Place    | Note
-------+----------+-------------------------------------------
     0 | D:1      | Error4North the Hill Orc Fighter began the quest for the
                  | Orb.
     0 | D:1      | Reached XP level 1. HP: 19/19 MP: 1/1
   266 | D:1      | Reached XP level 2. HP: 26/26 MP: 2/2
   698 | D:2      | Reached XP level 3. HP: 21/33 MP: 3/3
   751 | D:2      | Reached skill level 3 in Axes
   853 | D:2      | Reached XP level 4. HP: 33/40 MP: 4/4
  1445 | D:3      | Reached XP level 5. HP: 45/46 MP: 4/6
  1651 | D:3      | Found a shimmering altar of Xom.
  1726 | D:3      | Reached skill level 4 in Axes
  2332 | D:4      | Found Qexkag's Food Shop.
  2414 | D:4      | Noticed a phantom
  2430 | D:4      | Reached skill level 5 in Armour
  2430 | D:4      | Reached skill level 1 in Spellcasting
  2430 | D:4      | Reached XP level 6. HP: 50/52 MP: 7/7
  2470 | D:4      | Killed a phantom
  2470 | D:4      | Reached skill level 5 in Shields
  2573 | D:4      | Found a burning altar of Makhleb.
  2575 | D:4      | Noticed an Executioner
  2627 | D:4      | Reached skill level 5 in Axes
  2627 | D:4      | Reached XP level 7. HP: 28/59 MP: 9/9
  2803 | D:4      | Found a glowing golden altar of the Shining One.
  2803 | D:4      | Found an ornate altar of the Wu Jian Council.
  2941 | D:4      | Noticed Natasha
  2947 | D:4      | Killed Natasha
  2971 | D:4      | Noticed Natasha
  2974 | D:4      | Killed Natasha
  3180 | D:4      | Noticed Natasha
  3195 | D:4      | Killed Natasha
  3486 | D:5      | Entered Level 5 of the Dungeon
  3679 | D:5      | Found an opulent altar of Gozag.
  3801 | D:5      | Reached skill level 6 in Axes
  4388 | D:5      | Reached XP level 8. HP: 67/67 MP: 11/11
  4725 | D:6      | Noticed Blork the orc
  4751 | D:6      | Killed Blork the orc
  5144 | D:6      | Reached skill level 1 in Evocations
  5175 | D:6      | Found a hide-covered altar of Uskayaw.
  5183 | D:6      | Noticed a +0 dagger
  5183 | D:6      | Noticed a +0 hand axe
  5333 | D:6      | Noticed a yak
  5333 | D:6      | Noticed a yak
  5334 | D:6      | Noticed a yak
  5336 | D:6      | Noticed a yak
  5337 | D:6      | Noticed a yak
  5339 | D:6      | Noticed a yak
  5346 | D:6      | Killed a yak
  5364 | D:5      | Killed a yak
  5364 | D:5      | Reached skill level 5 in Fighting
  5364 | D:5      | Reached skill level 7 in Axes
  6058 | D:6      | Killed a yak
  6058 | D:6      | Reached XP level 9. HP: 56/74 MP: 13/13
  6109 | D:6      | Reached skill level 8 in Axes
  6505 | D:7      | Found a staircase to the Ecumenical Temple.
  6536 | Temple   | Entered the Ecumenical Temple
  6602 | Temple   | Became a worshipper of Warmaster Okawaru
  6746 | D:7      | Found an iron altar of Okawaru.
  7387 | D:8      | Noticed Pikel
  7393 | D:8      | HP: 3/74 [acid (20)]
  7397 | D:8      | Slain by a slave

Levels and vault maps discovered:
D:1:      saegor_arrival_simple_e, layout_rooms, minmay_distorted
D:2:      layout_basic, minmay_box_of_dots
D:3:      layout_basic, old_standard_altar, guppyfry_early_orc_mine
D:4:      layout_gridville, makhleb_altar_promises_db,
          grunt_temple_overflow_open, serial_shops, shop, uniq_natasha
D:5:      layout_gridville, grunt_gozag_breadcrumbs, first_ration
D:6:      layout_basic, dancing_weapons_uskayaw, nicolae_underground_beach,
          uniq_blork_the_orc
D:7:      layout_basic, minmay_temple_entry_mist, basic_altar
D:8:      layout_basic, uniq_pikel
Temple:   regret_index_temple_sphere_string

Skill      XL: |  1  2  3  4  5  6  7  8  9 |
---------------+----------------------------+-----
Armour         | 4 5 6 7 |  7.8
Axes           | 3 4 5 6 7 8 |  8.5
Shields        | 4 5 6 7 |  7.1
Fighting       | 4 5 |  5.4
Spellcasting   | 1 2 3 |  3.3
Evocations     | 2 3 |  3.0
Dodging        | |  0.5
Stealth        | |  0.1

Action                   |  1- 3 |  4- 6 |  7- 9 || total
-------------------------+-------+-------+-------++-------
Melee: War axe           |   115 |   218 |   408 ||   741
Evoke: Wand              |       |       |     2 ||     2
  Use: Potion            |       |     1 |     3 ||     4
       Scroll            |       |       |     4 ||     4
  Eat: Chunk             |       |     6 |     9 ||    15
       Ration            |       |       |     2 ||     2
Armor: Scale mail        |    18 |       |       ||    18
       Plate armour      |    74 |   138 |   258 ||   470
Dodge: Dodged            |    23 |    36 |    75 ||   134
Block: Shield            |    77 |   131 |   200 ||   408

Table legend:
 A = Non-vault XP
 B = Vault XP
 C = Vault XP percentage of total XP
 D = Non-vault monster count
 E = Vault monster count
 F = Vault count percentage of total count
                 A         B        C        D         E       F
            +---------+---------+-------+---------+---------+-------
      Total |    3462 |     156 |   4.3 |     148 |      13 |   8.1
            +---------+---------+-------+---------+---------+-------
        D:1 |      23 |       6 |  20.7 |      12 |       3 |  20.0
        D:2 |     119 |       2 |   1.7 |      32 |       1 |   3.0
        D:3 |      93 |      17 |  15.5 |      26 |       7 |  21.2
        D:4 |     684 |      35 |   4.9 |      20 |       1 |   4.8
        D:5 |     493 |       0 |   0.0 |      19 |       0 |   0.0
        D:6 |    1438 |      96 |   6.3 |      21 |       1 |   4.5
        D:7 |     453 |       0 |   0.0 |      15 |       0 |   0.0
        D:8 |     159 |       0 |   0.0 |       3 |       0 |   0.0
            +---------+---------+-------+---------+---------+-------
